 Dungeon Crawl Stone Soup version 0.29.1-2-gbd0b4ee654 (webtiles) character file.

Game seed: 9467809115222022909

250 bullfish the Slasher (level 5, 0/41 HPs)
             Began as a Draconian Gladiator on Nov 15, 2022.
             Was a Priest of Lugonu.
             Killed from afar by an orc wizard (5 damage)
             ... with a magic dart
             ... on level 4 of the Dungeon.
             The game lasted 00:12:59 (3456 turns).

bullfish the Slasher (Draconian Gladiator)          Turns: 3456, Time: 00:13:00

Health: 0/41       AC:  6    Str: 23    XL:     5   Next: 88%
Magic:  5/5        EV: 12    Int:  8    God:    Lugonu [***...]
Gold:   142        SH:  5    Dex: 14    Spells: 4/4 levels left

rFire   . . .      SeeInvis .   a - +0 long sword
rCold   + . .      Faith    .   (no shield)
rNeg    . . .      Spirit   .   (body armour unavailable)
rPois   .          Reflect  +   b - +0 hat
rElec   .          Harm     .   (no cloak)
rCorr   .          Rampage  .   (no gloves)
Will    .....                   e - +0 pair of boots
Stlth   +.........              l - amulet of reflection
HPRegen 0.00/turn               k - +6 ring of strength
MPRegen 0.09/turn               (no ring)

@: lethally poisoned (0 -> -5), inhibited regen
A: AC +5, unfitting armour, cold-blooded, claws 1, cold resistance 1, inhibited
regeneration
a: Renounce Religion, Depart the Abyss, Bend Space, Banish


You were on level 4 of the Dungeon.
You worshipped Lugonu.
Lugonu was most pleased with you.
You visited 1 branch of the dungeon, and saw 4 of its levels.

You collected 142 gold pieces.

Inventory:

Hand Weapons
 a - a +0 long sword (weapon)
 t - a +0 sling
 v - a +0 mace of protection
Missiles
 c - 5 throwing nets
 g - a javelin
 j - 28 stones (quivered)
Armour
 b - a +0 hat (worn)
 e - a +0 pair of boots (worn)
Jewellery
 k - a +6 ring of strength (left claw)
 l - an amulet of reflection (around neck)
 q - a +4 ring of protection
 w - an amulet of guardian spirit
Scrolls
 d - a scroll of vulnerability
 f - a scroll of immolation {unknown}
 h - a scroll of fear
 i - a scroll of brand weapon {unknown}
 m - a scroll of teleportation {unknown}
 r - a scroll of poison
 s - a scroll of magic mapping
 u - a scroll of acquirement {unknown}
 y - a scroll of butterflies {unknown}
Potions
 n - 5 potions of curing
 x - a potion of might {unknown}


   Skills:
 - Level 2.1 Fighting
 + Level 6.7 Long Blades
 - Level 1.7 Throwing
 - Level 2.6 Dodging


You had 4 spell levels left.
You didn't know any spells.
Your spell library contained the following spells:

 Spells                   Type           Power      Damage    Failure   Level
 Foxfire                  Conj/Fire      0%         2x1d4     41%         1
 Conjure Flame            Conj/Fire      0%         6-21      78%         3
 Inner Flame              Hex/Fire       0%         N/A       78%         3
 Flame Wave               Conj/Fire      0%         2d4       99%         4


Dungeon Overview and Level Annotations

Branches:
Dungeon (4/15)
 Temple: D:4-7

Altars:
Lugonu

Shops:
D:2 :(


Innate Abilities, Weirdness & Mutations

Your plain brown scales are hard. (AC +5)
You cannot fit into any form of body armour.
You are cold-blooded and may be slowed by cold attacks.
You have sharp fingernails.
Your flesh is cold resistant. (rC+)
You do not regenerate when monsters are visible.


Message History

Lugonu accepts your kill.
A magic dart appears from out of thin air!
The magic dart hits you.
A dart slug comes into view.
Something completely misses you.
Items here: ( )) †††.
You slash something! Something hits you but does no damage.
You miss something.
You hear some strange, mumbled words.
You are confused.
You bump into the rock wall.
Something hits you.
You are poisoned.
You bump into the rock wall.
You feel very sick. Something hits you.
You feel very sick. Something hits you but does no damage.
You are more poisoned.
You barely miss something.
You feel very sick. Something hits you.
* * * LOW HITPOINT WARNING * * *
You feel very sick.
* * * LOW HITPOINT WARNING * * *
You feel very sick.
You bump into the rock wall.
You feel less confused.
* * * LOW HITPOINT WARNING * * *
You feel sick.
You hear some strange, mumbled words.
A magic dart appears from out of thin air!
The magic dart hits you.
* * * LOW HITPOINT WARNING * * *
You hit something.
Your tail-slap misses something.
* * * LOW HITPOINT WARNING * * *
You feel sick.
You hear some strange, mumbled words.
A magic dart appears from out of thin air!
The magic dart hits you.
You die...

#..## .....
### #.....
#.. ...w
#.###..
#.#..#
#.#<)#
#.##)#
#@{n)#
#####......
......
.#..##
.##..# ..
.$. ## ..


You could see a necrophage.

Vanquished Creatures
  A howler monkey (D:4)
  An orc wizard (D:3)
  2 adders
  8 gnolls
  A worm (D:3)
  A dart slug (D:1)
  8 orcs
  9 ball pythons
  6 endoplasms
  4 giant cockroaches
  3 goblins (D:1)
  4 hobgoblins
  15 jackals
  4 kobolds
  2 quokkas
  4 bats
  2 frilled lizards
  3 rats
78 creatures vanquished.

Notes
Turn   | Place    | Note
-------+----------+-------------------------------------------
     0 | D:1      | bullfish the Draconian Gladiator began the quest for the
                  | Orb.
     0 | D:1      | Reached XP level 1. HP: 17/17 MP: 1/1
   206 | D:1      | Reached XP level 2. HP: 24/24 MP: 2/2
   226 | D:1      | Reached skill level 4 in Long Blades
   407 | D:1      | Found a faded altar of an unknown god.
   412 | D:1      | Prayed at the altar of an unknown god.
   412 | D:1      | Became a worshipper of Lugonu the Unformed
   412 | D:1      | Reached * piety under Lugonu
   412 | D:1      | Reached ** piety under Lugonu
   560 | D:1      | Reached XP level 3. HP: 29/29 MP: 3/3
   956 | D:2      | Reached skill level 5 in Long Blades
   956 | D:2      | Reached XP level 4. HP: 17/36 MP: 4/4
  1482 | D:2      | Found Arelu's Book Shop.
  1582 | D:2      | Found Gaila's Antique Weapon Shoppe.
  1926 | D:3      | Reached XP level 5. HP: 41/41 MP: 5/5
  1983 | D:3      | Reached *** piety under Lugonu
  2392 | D:3      | Gained mutation: Potions are less effective at restoring
                  | your health. [potion of mutation]
  2393 | D:3      | Lost mutation: Potions are less effective at restoring your
                  | health. [potion of mutation]
  2393 | D:3      | Gained mutation: You do not regenerate when monsters are
                  | visible. [potion of mutation]
  2393 | D:3      | Gained mutation: Your flesh is cold resistant. (rC+)
                  | [potion of mutation]
  2393 | D:3      | Gained mutation: You have sharp fingernails. [potion of
                  | mutation]
  2613 | D:4      | Reached skill level 6 in Long Blades
  3077 | D:4      | Noticed a black bear
  3456 | D:4      | Killed from afar by an orc wizard

Illustrated notes

Levels and vault maps discovered:
D:1:      beargit_arrival_diablo_church, layout_rooms,
          shapermc_ecumenical_altar_petra
D:2:      layout_loops_ring, serial_shops, shop, shop
D:3:      layout_basic
D:4:      layout_basic, grunt_qazlal_clouds, minmay_temple_entry_sparse_star,
          portal_sewer_entry_d, kennysheep_decorative_pillar

Skill      XL: |  1  2  3  4  5 |
---------------+----------------+-----
Long Blades    | 4 5 6 |  6.7
Fighting       | |  2.1
Throwing       | |  1.7
Dodging        | |  2.6

Action                   |  1- 3 |  4- 6 || total
-------------------------+-------+-------++-------
Melee: Long sword        |    86 |   140 ||   226
       Tailslap          |    10 |    20 ||    30
       Punch             |       |     1 ||     1
Throw: Javelin           |     1 |       ||     1
       Stone             |     7 |     2 ||     9
Invok: Bend Space        |       |     1 ||     1
  Use: Scroll            |     1 |     5 ||     6
       Potion            |       |     2 ||     2
 Stab: Sleeping          |     1 |     1 ||     2
Armor: Skin              |    31 |    39 ||    70
Dodge: Dodged            |    63 |   116 ||   179
Block: Other             |    10 |    36 ||    46
